 Dungeon Crawl Stone Soup version 0.25-a0-1079-g858b6a6ff6 (webtiles) character file.

Game seed: 11592703847928797140, levelgen mode: deterministic

39 Esekla the Magician (level 3, 0/22 HPs)
             Began as an Octopode Wizard on May 15, 2020.
             Succumbed to an adder's poison
             ... on level 2 of the Dungeon.
             The game lasted 00:06:27 (860 turns).

Esekla the Magician (Octopode Wizard)                Turns: 860, Time: 00:06:27

Health: 0/22       AC:  1    Str:  6    XL:     3   Next: 45%
Magic:  5/8        EV: 13    Int: 20    God:
Gold:   47         SH:  0    Dex: 11    Spells: 6/9 levels left

rFire    . . .     SeeInvis .   d - +0 spear
rCold    . . .     Gourm    .   (no shield)
rNeg     + . .     Faith    .   a - +0 hat
rPois    .         Spirit   .   (no amulet)
rElec    .         Reflect  .   m - ring of positive energy
rCorr    .         Harm     .   (no ring)
MR       .....                  (no ring)
Stlth    +++.......             (no ring)
HPRegen  0.07/turn              (no ring)
MPRegen  0.11/turn              (no ring)
                                (no ring)
                                (no ring)

@: brilliant, lethally poisoned (0 -> -5), very slightly contaminated
A: almost no armour, stealthy swim, amphibious, 8 rings, constrict 8, camouflage
1, gelatinous body 1
a: no special abilities


You were on level 2 of the Dungeon.
You were not hungry.

You visited 1 branch of the dungeon, and saw 3 of its levels.

You collected 47 gold pieces.

Inventory:

Hand Weapons
 d - a +0 spear (weapon)
Missiles
 g - 23 poisoned darts (quivered)
 l - 2 javelins
Armour
 a - a +0 hat (worn)
Jewellery
 m - a ring of positive energy (left tentacle)
Scrolls
 b - a scroll of enchant armour {unknown}
 e - a scroll of identify {unknown}
 f - 2 scrolls of random uselessness
 h - a scroll of enchant weapon {unknown}
 j - 2 scrolls of fog
 k - a scroll of magic mapping {unknown}
Comestibles
 c - 4 rations


   Skills:
 * Level 0.9 Fighting
 + Level 0.1 Polearms
 + Level 0.4 Throwing
 + Level 2.1 Dodging
 - Level 2.6 Stealth
 * Level 3.6 Spellcasting
 + Level 1.4 Conjurations
   Level 1.0 Summonings
 * Level 1.1 Translocations


You had 6 spell levels left.
You knew the following spells:

 Your Spells              Type           Power        Failure   Level  Hunger
a - Magic Dart            Conj           ##..         8%          1    None
b - Blink                 Tloc           N/A          13%         2    None

Your spell library contained the following spells:

 Spells                   Type           Power        Failure   Level  Hunger
 Call Imp                 Summ           ##......     13%         2    None
 Slow                     Hex            #.......     21%         2    None
 Conjure Flame            Conj/Fire      #.......     30%         3    None
 Mephitic Cloud           Conj/Pois/Air  #.......     32%         3    None


Dungeon Overview and Level Annotations

Branches:
Dungeon (3/15)

Altars:


Innate Abilities, Weirdness & Mutations

You cannot wear most types of armour.
You are very stealthy in the water. (Stealth+)
You are amphibious.
You can wear up to eight rings at the same time.
You can use your tentacles to constrict eight enemies at once.
Your skin changes colour to match your surroundings (Stealth+).
Your rubbery body absorbs attacks. (AC +1, EV +1)


Message History

The scroll dissolves into smoke.
It was a scroll of fog.
* * * LOW HITPOINT WARNING * * *
You feel sick.
It was a potion of brilliance.
You feel clever all of a sudden.
* * * LOW HITPOINT WARNING * * *
You feel sick.
You see here an adder corpse.
You butcher the adder corpse.
* * * LOW HITPOINT WARNING * * *
You feel sick.
Things that are here:
a chunk of flesh; an adder skeleton You aren't quite hungry enough to eat that!
Unknown command.
* * * LOW HITPOINT WARNING * * *
You feel sick.
* * * LOW HITPOINT WARNING * * *
You feel sick.
You die...

..#...
#......##§#
..##.
#......##§#
.#.#
.#.....##§#
#.#.#
.#.#....##§#
##.#o
##....##§#
.##..o #...
#§# #..
#..##§# ...
#...#.#
#.@..#
.......##.#
####### #.#
#.# ..# ###


There were no monsters in sight!

Vanquished Creatures
  3 adders (D:2)
  A giant cockroach (D:1)
  2 goblins
  2 hobgoblins
  A kobold (D:2)
  A ball python (D:1)
  A bat (D:2)
  2 rats (D:2)
13 creatures vanquished.

Notes
Turn   | Place    | Note
-------+----------+-------------------------------------------
     0 | D:1      | Esekla the Octopode Wizard began the quest for the Orb.
     0 | D:1      | Reached XP level 1. HP: 11/11 MP: 4/4
   310 | D:2      | Reached XP level 2. HP: 5/18 MP: 3/6
   568 | D:2      | Learned a level 2 spell: Blink
   601 | D:3      | Noticed an ice beast
   815 | D:2      | Reached XP level 3. HP: 18/22 MP: 5/8
   855 | D:2      | HP: 1/22 [poisoned by an adder]
   860 | D:2      | Succumbed to an adder's poison

Illustrated notes

Levels and vault maps discovered:
D:1:      onia_arrival_handbag, layout_rooms, serial_forest,
          infiniplex_forest_lined_3, infiniplex_forest_straight_2,
          infiniplex_forest_lined_2, infiniplex_forest_clump_tiny,
          infiniplex_forest_3_way, infiniplex_forest_clump_large
D:2:      layout_basic, lemuel_zombie_altar_yredelemnul, serial_glass,
          glass_columns_b, glass_columns_c, first_ration, hex_intersection,
          minmay_misc_feat_secret_circle
D:3:      layout_loops_ring, chequers_ecumenical_altar_simple_redux,
          minmay_misc_feat_cross, fedhas_altar_2, uniq_terence

Action                   || total
-------------------------++-------
Melee: Spear             ||    27
       Tentacles         ||     5
       Constrict         ||     4
       Unarmed           ||     2
Throw: Dart              ||     5
 Cast: Magic Dart        ||    12
  Use: Scroll            ||     2
       Potion            ||     1
 Stab: Sleeping          ||     1
Armor: Skin              ||     2
Dodge: Dodged            ||    16

Table legend:
 A = Non-vault XP
 B = Vault XP
 C = Vault XP percentage of total XP
 D = Non-vault monster count
 E = Vault monster count
 F = Vault count percentage of total count
                 A         B        C        D         E       F
            +---------+---------+-------+---------+---------+-------
      Total |      55 |       1 |   1.8 |      12 |       1 |   7.7
            +---------+---------+-------+---------+---------+-------
        D:1 |       6 |       1 |  14.3 |       3 |       1 |  25.0
        D:2 |      49 |       0 |   0.0 |       9 |       0 |   0.0
            +---------+---------+-------+---------+---------+-------
